 Dungeon Crawl Stone Soup version 0.13-a0-2942-g3a822f8 (webtiles) character file.

258 Econoterrorist the Charmwright (level 5, -10/34 HPs)
             Began as a High Elf Skald on Sept 5, 2013.
             Mangled by an ogre
             ... wielding a +0,+0 giant club
              (29 damage)
             ... on Level 3 of the Dungeon.
             The game lasted 00:19:58 (3820 turns).

Econoterrorist the Charmwright (High Elf Skald)     Turns: 3820, Time: 00:19:58

HP -10/34        AC  3     Str 11      XL: 5   Next: 15%
MP  13/13        EV  9     Int 16      God:
Gold 101         SH 16     Dex 15      Spells:  3 memorised,  4 levels left

Res.Fire  : + . .   See Invis. : .   a - +1,+0 elf falchion
Res.Cold  : . . .   Warding    : .   b - +0 elf leather armour
Life Prot.: . . .   Conserve   : .   s - +0 orc shield
Res.Poison: .       Res.Corr.  : .   (no helmet)
Res.Elec. : .       Clarity    : .   (no cloak)
Sust.Abil.: . .     Spirit.Shd : .   (no gloves)
Res.Mut.  : .       Stasis     : .   (no boots)
Res.Rott. : .       Flight     : .   (no amulet)
Saprovore : . . .                    (no ring)
                                     p - ring of protection from fire {unknown}

@: slightly resistant to hostile enchantments, unstealthy
A: no striking features
a: no special abilities


You were on level 3 of the Dungeon.
You were not hungry.

You visited 1 branch of the dungeon, and saw 4 of its levels.

You collected 81 gold pieces.

Inventory:

Hand weapons
 a - a +1,+0 elven falchion (weapon)
Armour
 b - a +0 elven leather armour (worn)
 s - a +0 orcish shield (worn)
Comestibles
 d - 2 bread rations
Scrolls
 e - a scroll of enchant weapon I
 f - a scroll of identify {unknown}
 h - a scroll of remove curse
 i - 2 scrolls of enchant weapon II {unknown}
 j - a scroll of teleportation {unknown}
 k - a scroll of magic mapping {unknown}
 l - a scroll of curse armour {unknown}
 m - a scroll of fear {unknown}
 o - a scroll of curse weapon {unknown}
 q - 2 scrolls of curse jewellery {unknown}
Jewellery
 p - a ring of protection from fire (left hand) {unknown}
Potions
 g - 4 potions of curing {unknown}
 n - 2 potions of slowing {unknown}
 r - 2 potions of heal wounds {unknown}
Books
 c - a book of Battle

   Spells                             Type                      Level
   *Infusion                          Charms                       1
   *Shroud of Golubria                Charms/Translocation         2
   Song of Slaying                    Charms                       2
   Spectral Weapon                    Hexes/Charms                 3
   *Regeneration                      Charms/Necromancy            3
   Song of Shielding                  Charms                       4


   Skills:
 - Level 2.0 Fighting
 - Level 3.4 Long Blades
 - Level 0.8 Armour
 - Level 3.0 Dodging
 - Level 0.2 Stealth
 * Level 1.9 Shields
 - Level 3.1 Spellcasting
 - Level 4.3 Charms
 - Level 0.2 Translocations


You had 4 spell levels left.
You knew the following spells:

 Your Spells              Type           Power        Failure   Level  Hunger
a - Infusion              Chrm           ###...       17%         1    #......
b - Shroud of Golubria    Chrm/Tloc      #.........   54%         2    ##.....
c - Regeneration          Chrm/Necr      #.........   95%         3    ###....


Dungeon Overview and Level Annotations

Branches:
Dungeon (4/27)
 Temple: D:4-7

Altars:
Okawaru


Message History

You start resting.
HP restored.
There is an open door here.
There is a stone staircase leading down here.
There is a stone staircase leading down here.
You climb downwards. 2 giant newts, a sky beast and an ogre come into view.
Found seven items.
There is a stone staircase leading up here.
A rat skeleton comes into view.
You miss the giant newt. The giant newt closely misses you.
There is a stone staircase leading up here.
The giant newt bites you. The ogre hits you with a giant club!
You climb upwards.
There is a stone staircase leading down here.
You slash the ogre!
The ogre is moderately wounded.
You block the giant newt's attack. The ogre hits you with a giant club!
Ouch! That really hurt!
You die...

..........##....#..%...%......#.#
##........##....#...#########.#.#
#........##....#.....#.....#.#..
#........#........##.#.#...#.###
#........#.#####...#.#.#.###.#..
##########.# ###.#.#..........
#.# #.#.###.###.#.#
###########.#######.#.#......<#.#
...............l@O............#..
###################.#.#.#.###(#.#
#.#...#.# #.### #.#####.# #....
#.# #.# ##### ##.#####.#
#........# ##########


You could see an ogre and a giant newt.

Vanquished Creatures
  Terence (D:2)
  8 adders
  2 worms
  4 giant geckos
  4 orcs (D:3)
  11 bats
  6 giant cockroaches
  3 hobgoblins
  3 jackals (D:2)
  2 ball pythons
  2 giant newts (D:2)
  8 goblins
  5 kobolds
  3 rats
  A plant (D:2)
63 creatures vanquished.

Notes
Turn   | Place    | Note
--------------------------------------------------------------
     0 | D:1      | Econoterrorist, the High Elf Skald, began the quest for the Orb.
     0 | D:1      | Reached XP level 1. HP: 13/13 MP: 4/4
   435 | D:1      | Reached skill level 4 in Charms
   507 | D:1      | Reached XP level 2. HP: 16/18 MP: 6/6
   645 | D:1      | Learned a level 2 spell: Shroud of Golubria
   752 | D:1      | Found an iron altar of Okawaru.
  1025 | D:2      | Reached XP level 3. HP: 15/23 MP: 0/8
  1220 | D:2      | Learned a level 3 spell: Regeneration
  1625 | D:2      | Noticed Terence
  1638 | D:2      | Killed Terence
  1638 | D:2      | Reached XP level 4. HP: 11/29 MP: 4/12
  2518 | D:3      | Reached skill level 1 in Shields
  3029 | D:3      | Reached XP level 5. HP: 32/34 MP: 13/13
  3814 | D:4      | Noticed a sky beast
  3814 | D:4      | Noticed an ogre
  3820 | D:3      | Mangled by an ogre

Action                   |  1- 3 |  4- 6 || total
-------------------------+-------+-------++-------
Melee: Falchion          |   112 |   207 ||   319
 Cast: Infusion          |    10 |     8 ||    18
       Shroud of Golubri |     3 |     1 ||     4
       Regeneration      |     1 |     2 ||     3
  Use: Scroll            |       |     2 ||     2
 Stab: Sleeping          |     1 |       ||     1
